 Dungeon Crawl Stone Soup version 0.20.0-15-g7f486f2 (webtiles) character file.

445459 GordonOverkill the Conqueror (level 25, -10/187 HPs)
             Began as a Kobold Berserker on June 9, 2017.
             Was the Champion of Trog.
             Mangled by a spriggan defender
             ... wielding a +1 lajatang of protection
              (15 damage)
             ... on level 5 of the Depths on June 10, 2017.
             The game lasted 02:31:12 (55192 turns).

GordonOverkill the Conqueror (Kobold Berserker)    Turns: 55192, Time: 02:31:12

Health: -10/187    AC: 18    Str: 23    XL:     25   Next: 38%
Magic:  23/23      EV: 33    Int: 10    God:    Trog [******]
Gold:   2184       SH: 11    Dex: 28    Spells: 24/24 levels left

rFire    + + .     SeeInvis .   a - +4 arc blade {discharge, rElec}
rCold    + . .     Gourm    .   X - +3 buckler {rF+}
rNeg     + + +     Faith    .   x - +5 fire dragon scales "Dopa" {rF++ rC- rN+}
rPois    .         Spirit   .   R - +2 hat {MR+}
rElec    +         Reflect  .   G - +1 cloak
rCorr    .         Harm     .   B - +1 pair of gloves "Kyoqaox" {-Cast Dex+9}
MR       ++...     NoCast   +   K - +1 pair of boots "Ewuawnibbu" {-Cast rN++ Dex+3}
Stlth    +.........             t - amulet of regeneration
Regen    0.9/turn               F - ring of protection from cold
MPRegen  0.2/turn               y - ring of ice

@: corroded, berserk cooldown, slowed, studying Stealth, very slow
A: blurry vision 1, carnivore 3, screaming 1
}: 2/15 runes: decaying, serpentine
a: Berserk, Trog's Hand, Brothers in Arms, Burn Spellbooks, Renounce Religion


You were on level 5 of the Depths.
You worshipped Trog.
Trog was exalted by your worship.
You were very full.

You visited 7 branches of the dungeon, and saw 40 of its levels.
You visited the Abyss 1 time.
You also visited: Volcano.

You collected 4771 gold pieces.
You spent 2587 gold pieces at shops.

Inventory:

Hand Weapons
 a - the +4 arc blade (weapon) {discharge, rElec}
   (Trog gifted it to you on level 13 of the Dungeon)

   It insulates you from electricity.
 q - a +4 quick blade of electrocution
 z - a +5 quick blade of freezing
 D - a +9 antimagic rapier
Missiles
 J - 3 throwing nets (quivered)
Armour
 x - the +5 fire dragon scales "Dopa" (worn) {rF++ rC- rN+}
   (You found it in a volcano)

   It greatly protects you from fire.
   It makes you vulnerable to cold.
   It protects you from negative energy.
 B - the +1 pair of gloves "Kyoqaox" (worn) {-Cast Dex+9}
   (You bought it in a shop on level 2 of the Orcish Mines)

   It affects your dexterity (+9).
   It prevents spellcasting.
 G - a +1 cloak (worn)
 K - the +1 pair of boots "Ewuawnibbu" (worn) {-Cast rN++ Dex+3}
   (You found it on level 13 of the Dungeon)

   It affects your dexterity (+3).
   It greatly protects you from negative energy.
   It prevents spellcasting.
 R - a +2 hat of magic resistance (worn)
 X - a +3 buckler of fire resistance (worn)
Jewellery
 b - an uncursed ring of see invisible
 g - the amulet "Gaopij" {RegenMP rElec Str+4 Dex+4}
   (You took it off a mummy priest on level 4 of the Depths)

   [amulet of magic regeneration]

   It increases your magic regeneration.
   It affects your strength (+4).
   It affects your dexterity (+4).
   It insulates you from electricity.
 t - an amulet of regeneration (around neck)
 y - a ring of ice (right hand)
 F - a ring of protection from cold (left hand)
 S - an uncursed ring of resist corrosion
 W - an uncursed ring of poison resistance
Wands
 Z - a wand of acid (8/15)
Scrolls
 d - 4 scrolls of magic mapping
 f - 9 scrolls of teleportation
 j - 2 scrolls of blinking
 l - 8 scrolls of identify
 w - 5 scrolls of enchant armour
 A - a scroll of holy word
 E - a scroll of silence
 H - 4 scrolls of recharging
 N - 8 scrolls of fog
 P - 3 scrolls of fear
 T - 2 scrolls of summoning
 Y - 10 scrolls of remove curse
Potions
 e - 13 potions of heal wounds
 h - 4 potions of haste
 i - 2 potions of cancellation
 k - 2 potions of might
 m - 10 potions of curing
 p - 3 potions of agility
 r - 4 potions of lignification
 s - 6 potions of berserk rage
 u - 6 potions of mutation
 C - 3 potions of resistance
 L - 2 potions of flight
 O - 3 potions of invisibility
Books
 Q - a manual of Stealth
Comestibles
 c - 27 meat rations
 I - 21 royal jellies
 U - 3 chunks of flesh


   Skills:
 O Level 27 Fighting
 - Level 14.0 Short Blades
 - Level 19.0 Armour
 + Level 20.9 Dodging
 - Level 6.1 Shields


You had 24 spell levels left.
You didn't know any spells.

Dungeon Overview and Level Annotations

Branches:
Dungeon (15/15)            Temple (0/1) D:4            Lair (6/6) D:8
  Swamp (4/4) Lair:2        Snake (4/4) Lair:3        Slime (0/5) Lair:5
    Orc (2/2) D:12            Elf (0/3) Orc:2        Vaults (4/5) D:13
  Crypt (0/3) Vaults:2     Depths (5/5) D:15
    Zot: Depths:5

Altars:
Cheibriados
Fedhas
Gozag
Okawaru
Qazlal
Trog
Xom
The Shining One
Jiyva

Shops:
Orc:1 }   Orc:2 [!}(   Vaults:1 [   Vaults:2 *   Depths:1 =}}   Depths:2 *

Portals:
Hell: Depths:1 Depths:2 Depths:3 Depths:4 Depths:5
Abyss: Depths:4
Pandemonium: Depths:3 Depths:4


Innate Abilities, Weirdness & Mutations

You are small and have problems with some larger weapons.
You are carnivorous and can eat meat at any time.
Scrolls take you a little longer to read.
You occasionally shout uncontrollably at your foes.


Message History

* * * LOW HITPOINT WARNING * * *
The caustic shrike claws you but does no damage.
The spriggan rider misses you. The fire dragon bites your cyclops!
The fire dragon barely misses your cyclops.
The fire dragon tramples your cyclops.
Your cyclops holds its ground!
Your cyclops closely misses the spriggan defender.
The spriggan defender completely misses you.
Okay, then.
Really read with blurry vision while enemies are nearby?
The caustic shrike barely misses you. The spriggan rider misses you.
The fire dragon completely misses your cyclops.
The fire dragon claws your cyclops! The fire dragon tramples your cyclops.
Your cyclops holds its ground!
The caustic shrike misses you.
Your cyclops hits the fire dragon!
You begin reading the scroll.
You continue reading the scroll.
You block the spriggan defender's attack.
The caustic shrike closely misses you.
The caustic shrike completely misses you.
The spriggan defender hits you with a lajatang of protection!
You die...

#.##...##.#..........
#..##/##..#..........
##..#/#..##..........
#.......#..........=
##..∩..##.'.........
##...##..#.........
##.##..##.........
.###....###+########
.......)###b@.......
.........).ii########
#........#.DC#
#........#.###
#........#.#
#........#+#
......... .........
.......


You could see a caustic shrike, a fire dragon, a spriggan defender, a spriggan
rider and a friendly cyclops (berserk).

Vanquished Creatures
  Mara (Depths:3)
  2 greater mummies (Depths:4)
  2 caustic shrikes (Depths:5)
  A hellephant (Depths:3)
  Jorgrun (Depths:1)
  2 tentacled monstrosities
  2 liches
  Asterion (Vaults:3)
  5 sphinxes
  Agnes (Snake:3)
  A tengu reaver (Vaults:2)
  Gastronok (Orc:1)
  2 shadow dragons (Depths:1)
  Donald (Snake:4)
  A storm dragon (Depths:5)
  10 nagarajas
  5 frost giants
  4 fire giants
  An iron dragon (Depths:1)
  9 vault wardens
  A caustic shrike zombie (Depths:3)
  An orc warlord (D:12)
  Aizul (Swamp:4)
  Louise (D:15)
  17 stone giants
  12 ironheart preservers
  5 spriggan defenders
  14 very ugly things
  An entropy weaver (Vaults:3)
  A juggernaut skeleton (Depths:3)
  A vampire knight (Depths:4)
  A deep elf demonologist (Vaults:1)
  A deep elf annihilator (Vaults:2)
  12 dire elephants (Depths:3)
  The ghost of MirrMurr the Unseen, a journeyman SpEn of Ashenzari (D:13)
  A merfolk javelineer (Depths:4)
  Snorg (Orc:2)
  5 ettins
  3 mummy priests (Depths:4)
  A deep elf death mage (Vaults:3)
  2 jiangshi (Depths:2)
  Fannar (Orc:1)
  16 yaktaur captains
  10 great orbs of eyes
  8 rakshasas
  11 fire dragons
  16 naga warriors
  11 ice dragons
  A monstrous demonspawn (Depths:4)
  10 vault guards
  A death knight (D:13)
  A catoblepas (Lair:2)
  Harold (Lair:4)
  Erolcha (Orc:1)
  12 centaur warriors
  A hell beast (Depths:3)
  2 ghost crabs
  19 hydras
  3 spriggan air magi
  5 anacondas
  16 ogre magi
  6 alligators
  7 deep troll earth magi
  A vampire mage (Depths:2)
  6 death yaks (Lair:5)
  3 orc high priests (Orc:2)
  54 two-headed ogres
  3 spriggan berserkers
  12 deep troll shamans
  9 tengu warriors
  Urug (Lair:3)
  15 naga sharpshooters
  3 thrashing horrors (Abyss:1)
  7 shock serpents
  A fire crab (Volcano)
  Nergalle (Lair:4)
  11 deep elf knights
  6 iron trolls
  2 shadow wraiths
  5 salamander mystics
  8 skeletal warriors
  A sixfirhy (Abyss:1)
  2 spriggan druids (Swamp:2)
  2 flayed ghosts (Vaults:4)
  2 swamp dragons
  A sea snake (Lair:6)
  3 unseen horrors
  5 wizards
  19 deep trolls
  A swamp dragon (shapeshifter) (Vaults:4)
  A shadow dragon zombie (Vaults:3)
  2 shambling mangroves
  2 lindwurms
  5 naga ritualists
  2 glowing orange brains
  2 starcursed masses (Abyss:1)
  4 mana vipers
  A phantasmal warrior (D:13)
  10 deep elf archers
  13 ironbrand convokers
  5 necromancers
  20 orc knights
  A harpy (shapeshifter) (D:13)
  17 deep elf magi
  A manticore (shapeshifter) (Vaults:4)
  2 tengu skeletons
  An iron dragon zombie (Depths:3)
  5 wolf spiders
  An iron dragon skeleton (Depths:2)
  An oklob plant (Lair:5)
  5 manticores
  38 ugly things
  8 orc sorcerers
  5 cyclopes
  21 salamanders
  A frost giant zombie (Vaults:3)
  Joseph (D:9)
  12 vault sentinels
  A stone giant skeleton (Depths:2)
  8 elephants
  34 black mambas
  4 guardian serpents
  A smoke demon (Depths:1)
  17 naga magi
  2 gargoyles
  20 spiny frogs
  A hellion (Depths:4)
  14 komodo dragons
  6 rime drakes
  48 yaktaurs
  11 freezing wraiths
  2 red devils
  8 tyrant leeches
  2 hellwings
  5 guardian mummies (Depths:4)
  A meliai (D:13)
  7 tengu conjurers
  A meliai (shapeshifter) (D:13)
  12 trolls
  27 hornets
  A queen bee (shapeshifter) (Depths:1)
  5 polar bears
  Prince Ribbit (Lair:3)
  10 blink frogs
  38 slime creatures
  11 hippogriffs
  5 bog bodies
  A meliai zombie (D:13)
  A wind drake (Lair:6)
  12 dream sheep
  A hippogriff (shapeshifter) (D:13)
  A frost giant simulacrum (Vaults:3)
  A stone giant simulacrum (Vaults:3)
  4 shadows
  Sigmund (D:6)
  2 redbacks (Vaults:3)
  An air elemental (Depths:4)
  2 water elementals (Depths:4)
  A tarantella (Vaults:3)
  A large abomination (Abyss:1)
  13 spriggans
  3 vampires (D:13)
  5 wyverns
  Eustachio (D:5)
  An elf simulacrum (Depths:3)
  2 wraiths
  The ghost of Glitchraptor the Chopper, an amateur HOMo of Beogh (D:4)
  17 fire bats
  A hog (shapeshifter) (Vaults:1)
  39 yaks
  A human (D:14)
  2 chaos spawn
  2 steam dragons (D:5)
  A neqoxec (Depths:3)
  23 swamp worms
  3 hungry ghosts
  3 swamp worm simulacra (Swamp:4)
  15 wargs
  8 vampire mosquitoes
  5 insubstantial wisps (Swamp:3)
  A soldier ant (shapeshifter) (Depths:2)
  51 nagas
  3 acid dragons
  2 soldier ants
  21 water moccasins
  Duvessa (D:5)
  3 hell hounds
  11 hydra simulacra (Swamp:4)
  10 porcupines
  11 swamp drakes
  48 orc warriors
  3 sky beasts
  3 black bears
  2 elephant zombies (Lair:4)
  A human zombie (Vaults:3)
  3 small abominations (Abyss:1)
  A black bear (shapeshifter) (D:15)
  14 boggarts
  A necrophage (D:11)
  3 phantoms
  3 ice beasts
  38 ogres
  3 wolves (Lair:3)
  10 crocodiles
  26 centaurs
  A big kobold (D:10)
  A crocodile (shapeshifter) (Vaults:3)
  24 bullfrogs
  Dowan (D:5)
  A water moccasin zombie (D:6)
  4 scorpions
  A wight (D:13)
  5 electric eels
  7 killer bees
  6 howler monkeys
  A bullfrog zombie (D:13)
  8 crimson imps
  5 jellies
  7 lava snakes (Volcano)
  A quasit (Abyss:1)
  4 centaur zombies
  8 hounds
  A human simulacrum (Vaults:1)
  An iron imp (Abyss:1)
  23 orc priests
  8 centaur skeletons
  Crazy Yiuf (D:6)
  A basilisk zombie (Lair:4)
  39 orc wizards
  5 bullfrog skeletons
  4 iguanas
  Ijyb (D:4)
  11 worker ants
  A crocodile zombie (Lair:4)
  A mummy (Depths:4)
  A howler monkey zombie (D:6)
  16 adders
  7 shadow imps
  An ooze (D:1)
  5 swamp drake simulacra (Swamp:4)
  3 worms
  5 leopard geckos
  92 orcs
  6 ball pythons
  11 giant cockroaches
  13 goblins
  7 hobgoblins
  24 jackals
  9 kobolds
  5 quokkas
  5 bats
  6 frilled lizards
  A leopard gecko skeleton (D:3)
  A quokka skeleton (D:8)
  14 rats
  A bush (D:6)
  A butterfly (Lair:1)
  A fungus (D:6)
1834 creatures vanquished.

Vanquished Creatures (collateral kills)
  2 tentacled starspawn (Abyss:1)
  Roxanne (D:15)
  A blizzard demon (Abyss:1)
  2 ice dragons (Swamp:4)
  A merfolk avatar (Lair:6)
  Sonja (Lair:4)
  An elephant (Lair:6)
  A spiny frog (Lair:6)
  An ancient zyme (Abyss:1)
  A polar bear (Lair:6)
  A raiju (Abyss:1)
  A hippogriff (Lair:4)
  3 yaks (Lair:6)
  A large abomination (Abyss:1)
  A water moccasin (Lair:6)
  A small abomination (Abyss:1)
  2 hydra simulacra (Swamp:4)
  A bullfrog (Lair:1)
  2 electric eels (Lair:6)
  An iron imp (Abyss:1)
  A fungus (Lair:1)
27 creatures vanquished.

Vanquished Creatures (others)
  An azure jelly (Swamp:4)
  A deep elf mage (Vaults:1)
  5 dream sheep (D:7)
  An air elemental (Depths:4)
  A naga (Snake:4)
  A warg (Vaults:4)
  A swamp worm (Swamp:4)
  A swamp drake (Swamp:4)
  2 boggarts (Depths:1)
  An adder (Lair:3)
  An orc (Orc:1)
  68 fungi
  49 plants
  6 starspawn tentacles (Abyss:1)
139 creatures vanquished.

Grand Total: 2000 creatures vanquished

Notes
Turn   | Place    | Note
-------+----------+-------------------------------------------
     0 | D:1      | GordonOverkill the Kobold Berserker began the quest for the Orb.
     0 | D:1      | Reached XP level 1. HP: 14/14 MP: 1/1
   168 | D:1      | Reached XP level 2. HP: 19/19 MP: 2/2
   972 | D:1      | Reached XP level 3. HP: 23/23 MP: 3/3
  1781 | D:2      | Reached skill level 5 in Short Blades
  1781 | D:2      | Reached XP level 4. HP: 28/28 MP: 4/4
  1785 | D:2      | Reached ** piety under Trog
  3054 | D:3      | Reached XP level 5. HP: 33/33 MP: 5/5
  3719 | D:4      | Found a staircase to the Ecumenical Temple.
  3849 | D:4      | Reached skill level 4 in Fighting
  4045 | D:4      | Noticed Glitchraptor's ghost (amateur HOMo)
  4068 | D:4      | Killed Glitchraptor's ghost
  4068 | D:4      | Reached XP level 6. HP: 39/39 MP: 6/6
  4526 | D:4      | Noticed Ijyb
  4541 | D:4      | Killed Ijyb
  4781 | D:5      | Entered Level 5 of the Dungeon
  4818 | D:5      | Reached XP level 7. HP: 27/44 MP: 7/7
  5050 | D:5      | Noticed Dowan
  5072 | D:5      | Noticed Duvessa
  5082 | D:5      | Killed Duvessa
  5091 | D:5      | Killed Dowan
  5104 | D:5      | Noticed Eustachio
  5270 | D:5      | Killed Eustachio
  5270 | D:5      | Reached skill level 5 in Dodging
  5438 | D:5      | Reached skill level 5 in Fighting
  5438 | D:5      | Reached XP level 8. HP: 45/49 MP: 8/8
  5561 | D:5      | Reached *** piety under Trog
  5886 | D:5      | You fall through a shaft for 2 floors!
  5891 | D:7      | Found an iron altar of Okawaru.
  5921 | D:7      | Found a blossoming altar of Fedhas.
  5973 | D:6      | Found a glowing golden altar of the Shining One.
  6044 | D:6      | Found an opulent altar of Gozag.
  6258 | D:5      | Noticed a moth of wrath
  6285 | D:5      | Found a bloodstained altar of Trog.
  6370 | D:6      | Reached XP level 9. HP: 55/55 MP: 9/9
  6547 | D:6      | Noticed Sigmund
  6558 | D:6      | Killed Sigmund
  6558 | D:6      | Reached skill level 6 in Fighting
  6558 | D:6      | Reached skill level 10 in Short Blades
  6827 | D:6      | Found a runed door.
  6832 | D:6      | Noticed Crazy Yiuf
  6836 | D:6      | Killed Crazy Yiuf
  7579 | D:7      | Reached **** piety under Trog
  7740 | D:7      | Reached skill level 5 in Armour
  7746 | D:7      | Reached XP level 10. HP: 56/61 MP: 10/10
  7860 | D:7      | Reached skill level 7 in Fighting
  7936 | D:7      | Found a stormy altar of Qazlal.
  8022 | D:7      | Received a gift from Trog
  8223 | D:7      | Found a shimmering altar of Xom.
  8348 | D:8      | Found a staircase to the Lair.
  9158 | D:8      | Killed an unseen horror
  9158 | D:8      | Reached skill level 8 in Fighting
  9445 | D:9      | Reached XP level 11. HP: 43/68 MP: 11/11
  9583 | D:9      | Noticed a two-headed ogre
  9587 | D:9      | Killed a two-headed ogre
  9664 | D:9      | Noticed a two-headed ogre
  9679 | D:9      | Killed a two-headed ogre
  9924 | D:9      | Noticed Joseph
  9941 | D:9      | Killed Joseph
 10151 | D:10     | Entered Level 10 of the Dungeon
 10173 | D:10     | Noticed a two-headed ogre
 10190 | D:10     | Killed a two-headed ogre
 10323 | D:10     | Reached ***** piety under Trog
 10323 | D:10     | Reached skill level 9 in Fighting
 10404 | D:10     | Reached skill level 10 in Dodging
 10414 | D:10     | Found a snail-covered altar of Cheibriados.
 11288 | D:11     | Noticed a cyclops
 11326 | D:11     | Killed a cyclops
 11405 | D:11     | Reached XP level 12. HP: 73/76 MP: 12/12
 11487 | D:11     | Reached skill level 10 in Fighting
 11731 | D:11     | Received a gift from Trog
 12135 | D:11     | Got a shimmering helmet
 12146 | D:11     | Identified the cursed -6 helmet of Coafop {+Blink rCorr} (You found it on level 11 of the Dungeon)
 12494 | Lair:1   | Entered Level 1 of the Lair of Beasts
 12533 | Lair:1   | Found a dark tunnel.
 12574 | Volcano  | Entered a volcano
 12837 | Volcano  | Noticed a fire crab
 12871 | Volcano  | Reached skill level 11 in Fighting
 12892 | Volcano  | Killed a fire crab
 12995 | Volcano  | Found a radiant altar of Vehumet.
 13020 | Volcano  | Got faintly glowing fire dragon scales
 13031 | Volcano  | Identified the +5 fire dragon scales "Dopa" {rF++ rC- rN+} (You found it in a volcano)
 13650 | Lair:2   | Reached XP level 13. HP: 83/83 MP: 13/13
 13851 | Lair:2   | Noticed a catoblepas
 13880 | Lair:2   | Killed a catoblepas
 14374 | Lair:2   | Noticed a seven-headed hydra
 14390 | Lair:2   | Killed a seven-headed hydra
 14390 | Lair:2   | Received a gift from Trog
 14390 | Lair:2   | Reached skill level 12 in Fighting
 15017 | Lair:2   | Found a staircase to the Swamp.
 15245 | Lair:3   | Noticed Urug
 15268 | Lair:3   | Killed Urug
 15684 | Lair:3   | Found a staircase to the Snake Pit.
 15952 | Lair:3   | Noticed Prince Ribbit
 16158 | Lair:3   | Noticed a five-headed hydra
 16175 | Lair:3   | Killed a five-headed hydra
 16244 | Lair:3   | Killed Prince Ribbit
 16244 | Lair:3   | Reached skill level 10 in Armour
 16682 | Lair:3   | Reached XP level 14. HP: 91/91 MP: 14/14
 16750 | Lair:3   | Reached skill level 13 in Fighting
 17001 | Lair:4   | Noticed Harold
 17007 | Lair:4   | Noticed Sonja
 17028 | Lair:4   | Killed Harold
 17793 | Lair:4   | Noticed Nergalle
 17848 | Lair:4   | Killed Nergalle
 17852 | Lair:4   | Reached ****** piety under Trog
 17920 | Lair:4   | Cast into level 1 of the Abyss (Sonja)
 18231 | Abyss:1  | Noticed a starcursed mass
 18376 | Abyss:1  | Noticed a tentacled starspawn
 18385 | Abyss:1  | Killed a tentacled starspawn
 18444 | Abyss:1  | Noticed a tentacled starspawn
 18446 | Abyss:1  | Killed a tentacled starspawn
 18483 | Abyss:1  | Received a gift from Trog
 18544 | Lair:4   | Escaped the Abyss
 18587 | Lair:4   | Killed Sonja
 19444 | Lair:5   | Reached skill level 15 in Dodging
 19749 | Lair:5   | Found a viscous altar of Jiyva.
 19749 | Lair:5   | Found a staircase to the Slime Pits.
 19943 | Lair:5   | Reached skill level 14 in Fighting
 19981 | Lair:6   | Entered Level 6 of the Lair of Beasts
 20738 | Lair:5   | Reached XP level 15. HP: 87/99 MP: 15/15
 22016 | Lair:6   | Received a gift from Trog
 22059 | Lair:6   | Reached skill level 15 in Fighting
 23812 | D:12     | Found a staircase to the Orcish Mines.
 24121 | D:13     | Got a pair of encrusted boots
 24132 | D:13     | Identified the +1 pair of boots "Ewuawnibbu" {-Cast rN++ Dex+3} (You found it on level 13 of the Dungeon)
 24395 | D:13     | Noticed MirrMurr's ghost (journeyman SpEn)
 24417 | D:13     | Reached XP level 16. HP: 108/108 MP: 16/16
 24441 | D:13     | Killed MirrMurr's ghost
 24493 | D:13     | Received a gift from Trog
 24649 | D:13     | Found a gate to the Vaults.
 25483 | D:13     | Reached skill level 16 in Fighting
 26462 | D:14     | Found a glowing golden altar of the Shining One.
 26710 | Orc:1    | Entered Level 1 of the Orcish Mines
 26901 | Orc:1    | Noticed Erolcha
 26922 | Orc:1    | Killed Erolcha
 27047 | Orc:1    | Found an iron altar of Okawaru.
 27071 | Orc:1    | Found Kufreow's Gadget Boutique.
 27203 | Orc:2    | Entered Level 2 of the Orcish Mines
 27287 | Orc:2    | Found a staircase to the Elven Halls.
 27416 | Orc:2    | Received a gift from Trog
 27748 | Orc:1    | Noticed Gastronok
 27761 | Orc:1    | Killed Gastronok
 27761 | Orc:1    | Reached XP level 17. HP: 116/116 MP: 17/17
 28150 | Orc:2    | Found Suely's Antique Weapon Boutique.
 28234 | Orc:2    | Found Cekawk's Distillery.
 28240 | Orc:2    | Found Vyetuosa's Gadget Shoppe.
 28295 | Orc:2    | Found Widulani's Armour Boutique.
 28303 | Orc:2    | Bought the +1 pair of gloves "Kyoqaox" {-Cast Dex+9} for 397 gold pieces
 28372 | Orc:1    | Noticed Snorg
 28373 | Orc:1    | Noticed Fannar
 28385 | Orc:2    | Killed Snorg
 28456 | Orc:1    | Killed Fannar
 28678 | D:15     | Entered Level 15 of the Dungeon
 28684 | D:15     | Reached skill level 17 in Fighting
 28691 | D:15     | Received a gift from Trog
 29009 | D:15     | Noticed Roxanne
 29023 | D:15     | Killed Roxanne
 29041 | D:15     | Noticed Louise
 29053 | D:15     | Killed Louise
 29584 | D:15     | Found a staircase to the Depths.
 29607 | D:15     | Received a gift from Trog
 29658 | D:15     | Upgraded the game from 0.20.0-14-g326068f to 0.20.0-15-g7f486f2
 29863 | Swamp:1  | Entered Level 1 of the Swamp
 31045 | Swamp:2  | Received a gift from Trog
 31331 | Swamp:2  | Reached XP level 18. HP: 120/124 MP: 18/18
 31975 | Swamp:3  | Reached skill level 1 in Shields
 32183 | Swamp:3  | Received a gift from Trog
 32247 | Swamp:4  | Entered Level 4 of the Swamp
 32628 | Swamp:4  | Noticed Aizul
 32634 | Swamp:4  | Killed Aizul
 32852 | Swamp:4  | Received a gift from Trog
 32915 | Swamp:4  | Reached skill level 5 in Shields
 33108 | Swamp:4  | Got a decaying rune of Zot
 33935 | Snake:1  | Entered Level 1 of the Snake Pit
 34221 | Vaults:1 | Entered Level 1 of the Vaults
 34281 | Vaults:1 | Reached skill level 18 in Fighting
 34575 | Vaults:1 | Noticed a Hell Sentinel
 34749 | Vaults:1 | Received a gift from Trog
 34815 | Vaults:1 | Reached skill level 19 in Fighting
 34905 | Vaults:1 | Found Deacalimn's Antique Armour Emporium.
 34913 | Vaults:1 | Bought a glowing cloak for 217 gold pieces
 34913 | Vaults:1 | Bought a shiny plate armour for 754 gold pieces
 34913 | Vaults:1 | Bought a glowing buckler for 217 gold pieces
 35187 | Vaults:1 | Got a heavily runed scale mail
 35188 | Vaults:1 | Identified the cursed +1 scale mail of the Monk {+Fly rC+ Str+6} (You found it on level 1 of the Vaults)
 35197 | Vaults:1 | Reached XP level 19. HP: 125/132 MP: 19/19
 36194 | Vaults:2 | Received a gift from Trog
 36249 | Vaults:2 | Reached skill level 20 in Fighting
 36463 | Vaults:2 | Noticed a tentacled monstrosity
 36695 | Vaults:2 | Reached skill level 21 in Fighting
 36812 | Vaults:2 | Found a staircase to the Crypt.
 36860 | Vaults:2 | Received a gift from Trog
 36869 | Vaults:2 | Killed a tentacled monstrosity
 37131 | Vaults:2 | Reached XP level 20. HP: 121/144 MP: 20/20
 37337 | Vaults:2 | Found Abocs's General Store.
 37429 | Vaults:2 | Bought a scroll of identify for 38 gold pieces
 37429 | Vaults:2 | Bought a potion of curing for 57 gold pieces
 37499 | Vaults:2 | Reached skill level 22 in Fighting
 37647 | Vaults:2 | Gained mutation: You occasionally shout uncontrollably at your foes. [a neqoxec]
 37649 | Vaults:2 | Gained mutation: Scrolls take you a little longer to read. [a neqoxec]
 37757 | Vaults:2 | Received a gift from Trog
 39416 | Vaults:3 | Noticed Asterion
 39419 | Vaults:3 | Received a gift from Trog
 39432 | Vaults:3 | Killed Asterion
 39432 | Vaults:3 | Reached skill level 23 in Fighting
 39951 | Vaults:4 | Reached XP level 21. HP: 155/155 MP: 21/21
 40291 | Vaults:4 | Received a gift from Trog
 40336 | Vaults:4 | Reached skill level 24 in Fighting
 41284 | Vaults:4 | Found Uweih's Jewellery Shoppe.
 41290 | Vaults:4 | Received a gift from Trog
 41702 | Vaults:4 | Reached skill level 25 in Fighting
 41994 | Depths:1 | Entered Level 1 of the Depths
 42356 | Depths:1 | Found Yrchuhi's Gadget Boutique.
 42357 | Depths:1 | Found Ginled's Jewellery Emporium.
 42358 | Depths:1 | Found Wekhlol's Gadget Boutique.
 42369 | Depths:1 | Bought an uncursed ring of poison resistance for 420 gold pieces
 43037 | Snake:1  | Received a gift from Trog
 43186 | Snake:1  | Reached XP level 22. HP: 146/164 MP: 22/22
 43336 | Snake:1  | Received a gift from Trog
 44008 | Snake:3  | Reached skill level 26 in Fighting
 44322 | Snake:3  | Noticed Agnes
 44337 | Snake:3  | Killed Agnes
 45491 | Snake:4  | Entered Level 4 of the Snake Pit
 45548 | Snake:4  | Noticed Donald
 45568 | Snake:4  | Killed Donald
 45723 | Snake:4  | Received a gift from Trog
 46408 | Snake:4  | Reached skill level 27 in Fighting
 46826 | Snake:4  | Received a gift from Trog
 47081 | Snake:4  | Got a serpentine rune of Zot
 47215 | Snake:3  | Reached XP level 23. HP: 152/175 MP: 23/23
 47526 | Depths:1 | Noticed Jorgrun
 47537 | Depths:1 | Killed Jorgrun
 47619 | Depths:1 | Reached skill level 15 in Armour
 47974 | Depths:1 | Found a gateway to Hell.
 48039 | Depths:1 | Received a gift from Trog
 49743 | Depths:2 | Found Muci's Assorted Antiques.
 49749 | Depths:2 | Bought a scroll of blinking for 187 gold pieces
 49749 | Depths:2 | Bought a potion of curing for 75 gold pieces
 49749 | Depths:2 | Bought a curved bone wand for 100 gold pieces
 49749 | Depths:2 | Bought a knobbly coral ring for 125 gold pieces
 49832 | Depths:2 | Received a gift from Trog
 50491 | Depths:2 | Reached XP level 24. HP: 180/181 MP: 23/23
 50946 | Depths:3 | Received a gift from Trog
 51580 | Depths:3 | Noticed Mara
 51595 | Depths:3 | Noticed GordonOverkill's illusion
 51606 | Depths:3 | Killed Mara
 52035 | Depths:3 | Found a one-way gate leading to the halls of Pandemonium.
 52984 | Depths:4 | Received a gift from Trog
 53430 | Depths:4 | Noticed a greater mummy
 53468 | Depths:4 | Killed a greater mummy
 53714 | Depths:4 | Reached XP level 25. HP: 186/186 MP: 23/23
 53862 | Depths:4 | Noticed a greater mummy
 53907 | Depths:4 | Killed a greater mummy
 54026 | Depths:4 | Got an ancient garnet amulet
 54173 | Depths:4 | Identified the amulet "Gaopij" {RegenMP rElec Str+4 Dex+4} (You took it off a mummy priest on level 4 of the Depths)
 54426 | Depths:4 | Found a one-way gate to the infinite horrors of the Abyss.
 55039 | Depths:5 | Entered Level 5 of the Depths
 55155 | Depths:5 | Noticed a caustic shrike
 55155 | Depths:5 | Noticed a caustic shrike
 55155 | Depths:5 | Noticed a caustic shrike
 55167 | Depths:5 | Killed a caustic shrike
 55174 | Depths:5 | Killed a caustic shrike
 55190 | Depths:5 | HP: 3/187 [spriggan defender/lajatang of protection (10)]
 55192 | Depths:5 | Mangled by a spriggan defender

Skill      XL: |  1  2  3  4  5  6  7  8  9 10 11 12 13 14 15 16 17 18 19 20 21 22 23 24 25 |
---------------+----------------------------------------------------------------------------+-----
Dodging        | 3 4 5 6 7 9 10 12 13 15 16 17 18 19 20 | 20.9
Armour         | 2 3 4 5 7 8 10 11 12 13 14 17 19 | 19.0
Short Blades   | 5 6 7 9 11 13 14 | 14.0
Fighting       | 4 5 6 8 9 11 12 14 15 16 17 19 21 23 25 27 | 27.0
Shields        | 6 |  6.1

Action                   |  1- 3 |  4- 6 |  7- 9 | 10-12 | 13-15 | 16-18 | 19-21 | 22-24 | 25-27 || total
-------------------------+-------+-------+-------+-------+-------+-------+-------+-------+-------++-------
Melee: Short sword       |    90 |   232 |   442 |   467 |       |       |       |       |       ||  1231
       Unarmed           |       |       |     9 |       |       |       |       |       |       ||     9
       Dagger            |       |       |       |   552 |   635 |       |       |       |       ||  1187
       Rapier            |       |       |       |       |  1659 |  1617 |  1483 |  1902 |   229 ||  6890
       Quick blade       |       |       |       |       |       |     1 |       |       |       ||     1
Invok: Berserk           |     3 |     8 |     7 |     8 |    25 |     6 |     7 |    10 |     3 ||    77
       Trog's Hand       |       |       |     3 |     1 |     7 |     5 |    14 |     3 |     1 ||    34
       Burn Spellbooks   |       |       |     1 |     2 |     3 |     2 |       |     2 |     1 ||    11
       Brothers in Arms  |       |       |       |       |     7 |     2 |       |     1 |     1 ||    11
Evoke: Wand              |       |       |       |     1 |       |       |       |       |       ||     1
  Use: Scroll            |       |     4 |     9 |    15 |    10 |    13 |     9 |     4 |     1 ||    65
       Potion            |       |       |     2 |       |     2 |       |     1 |     4 |     1 ||    10
 Stab: Sleeping          |     2 |     1 |       |       |       |       |       |       |       ||     3
       Confused          |       |       |     1 |       |       |       |       |     2 |       ||     3
       Invisible         |       |       |       |       |       |       |       |     5 |       ||     5
  Eat: Chunk             |    13 |    17 |    18 |    26 |    67 |    47 |    38 |    42 |    11 ||   279
Armor: Animal skin       |    10 |    21 |       |       |       |       |       |       |       ||    31
       Ring mail         |       |     8 |       |       |       |       |       |       |       ||     8
       Chain mail        |       |    40 |   202 |   146 |       |       |       |       |       ||   388
       Skin              |       |       |     1 |       |       |       |       |       |       ||     1
       Plate armour      |       |       |       |   151 |       |       |       |       |       ||   151
       Fire dragon scale |       |       |       |     6 |   434 |   272 |   178 |   270 |    40 ||  1200
Dodge: Dodged            |    59 |   165 |   231 |   463 |  1232 |  1178 |   820 |  1335 |   165 ||  5648
Block: Buckler           |       |       |       |       |       |    24 |   518 |   753 |    76 ||  1371
